 Dungeon Crawl Stone Soup version 0.29-a0-998-g1987434951 (webtiles) character file.

Game seed: 18109971685841318390

33 BritishOli the Ducker (level 3, 27/28 HPs)
             Began as a Demonspawn Gladiator on Aug 5, 2022.
             Got out of the dungeon alive.
             The game lasted 00:00:48 (875 turns).

BritishOli the Ducker (Demonspawn Gladiator)         Turns: 875, Time: 00:00:49

Health: 27/28      AC:  3    Str: 16    XL:     3   Next: 12%
Magic:  3/3        EV: 12    Int: 11    God:
Gold:   63         SH:  0    Dex: 14    Spells: 2/2 levels left

rFire   . . .      SeeInvis .   a - +0 long sword
rCold   . . .      Faith    .   (no shield)
rNeg    . . .      Spirit   .   b - +0 leather armour
rPois   .          Reflect  .   (helmet restricted)
rElec   .          Harm     .   (no cloak)
rCorr   .          Rampage  .   (no gloves)
Will    .....                   (no boots)
Stlth   +.........              (no amulet)
HPRegen 0.09/turn               (no ring)
MPRegen 0.08/turn               (no ring)

@: no status effects
A: antennae 1, big brain 1
a: no special abilities


You escaped.
You visited 1 branch of the dungeon, and saw 1 of its levels.

You collected 63 gold pieces.

Inventory:

Hand Weapons
 a - a +0 long sword (weapon)
Missiles
 d - 3 throwing nets (quivered)
 e - a javelin
Armour
 b - a +0 leather armour (worn)
 c - a +0 helmet
Scrolls
 h - a scroll of teleportation {unknown}
 j - a scroll of identify {unknown}
Potions
 f - a potion of flight {unknown}
 g - a potion of heal wounds {unknown}
 i - a potion of degeneration {unknown}
 k - a potion of curing {unknown}


   Skills:
 + Level 2.4 Fighting
 + Level 3.0 Long Blades
 - Level 2.0 Throwing
 + Level 0.7 Armour
 + Level 3.0 Dodging


You had 2 spell levels left.
You didn't know any spells.
Your spell library was empty.

Dungeon Overview and Level Annotations

Branches:
Dungeon (1/15)

Altars:


Innate Abilities, Weirdness & Mutations

You have a pair of small antennae on your head.
You have an unusually large brain. (Int +2)


Message History

Unknown command.
You closely miss the jackal.
The jackal bites you but does no damage.
The jackal closely misses you.
Unknown command.
You closely miss the jackal. The jackal bites you. x2
Unknown command.
You closely miss the jackal. The jackal barely misses you.
You hit the jackal but do no damage. The jackal barely misses you.
The jackal closely misses you.
You barely miss the jackal.
The jackal bites you but does no damage. x2
You hit the jackal.
The jackal is severely wounded.
The jackal closely misses you.
You barely miss the jackal.
The jackal is severely wounded.
The jackal bites you.
The jackal bites you but does no damage.
You closely miss the jackal.
The jackal is severely wounded.
The jackal closely misses you. The jackal barely misses you.
You slash the jackal!
You kill the jackal!
No target in view!
No target in view!
No target in view!
(D) Dungeon
Where to? (? - help)
Okay, then.
You see here a +0 club.
There is an open door here.
There is an open door here.
You see here a +0 dagger.
You see here a +0 dagger.
You open the door.
There is an open door here.
There is a staircase leading out of the dungeon here.
Are you sure you want to leave the Dungeon?
This will make you lose the game!
You have escaped!

######...#.............##.#
# #...#.###########.##.####
# #...#.. ....(..#..#.....#
# #...#.#.#######.#.#(.#..#
# #...#.##.......##.#..#..#
#.###.#.###'###.#.#...#.####
#.# #.#.#.....#.#.#........#
#.###.#.#.....#.#.###.##.#.#
#.'.'.#.+..@..'.#.+ +....#.#
#####.#.#.....#.#.# ######..
#.#.#.....#)#.# ###
#.#.###+###.#.#
#.##.......##.#
#.#.#######.#.#
#..#.......#..# #######
#.###########.# #......
#.............# #......


There were no monsters in sight!

Vanquished Creatures
  A dart slug (D:1)
  2 ball pythons (D:1)
  3 bats (D:1)
  4 endoplasms (D:1)
  A giant cockroach (D:1)
  2 goblins (D:1)
  A hobgoblin (D:1)
  4 jackals (D:1)
  A quokka (D:1)
  2 frilled lizards (D:1)
  3 kobolds (D:1)
  3 rats (D:1)
27 creatures vanquished.

Notes
Turn   | Place    | Note
-------+----------+-------------------------------------------
     0 | D:1      | BritishOli the Demonspawn Gladiator began the quest for the
                  | Orb.
     0 | D:1      | Reached XP level 1. HP: 16/16 MP: 1/1
   116 | D:1      | Gained mutation: You have a pair of small antennae on your
                  | head. [demonic ancestry]
   116 | D:1      | Reached XP level 2. HP: 15/22 MP: 2/2
   774 | D:1      | Gained mutation: You have an unusually large brain. (Int
                  | +2) [demonic ancestry]
   774 | D:1      | Reached XP level 3. HP: 28/28 MP: 3/3
   875 | D:$      | Got out of the dungeon alive.

Illustrated notes

Levels and vault maps discovered:
D:1:      matt_arrival_los_fun, layout_basic, glass_columns_c

Skill      XL: |  1  2 |
---------------+-------+-----
Throwing       | 2 |  2.0
Dodging        | 3 |  3.0
Long Blades    | 3 |  3.0
Fighting       | |  2.4
Armour         | |  0.7

Action                   || total
-------------------------++-------
Melee: Long sword        ||    71
Armor: Leather armour    ||    20
Dodge: Dodged            ||    69

Table legend: (Time is in decaauts)
 A = Elapsed time spent in this place.
 B = Non-inter-level travel time spent in this place.
 C = Inter-level travel time spent in this place.
 D = Time resting spent in this place.
 E = Time spent auto-exploring this place.
 F = Levels seen in this place.
 G = Mean time per level.
                   A        B        C        D        E       F      G
               +--------+--------+--------+--------+--------+-----+--------+
         Total |    893 |    810 |     83 |      0 |    649 |   1 |  893.0 |
       Dungeon |    893 |    810 |     83 |      0 |    649 |   1 |  893.0 |
               +--------+--------+--------+--------+--------+-----+--------+

Top non-repeatable levels by time:
     D:1: 893 daAuts
